 Dungeon Crawl Stone Soup version 0.20-a0-854-g0cc194a (console) character file.

5237 itsmu the Zephyrmancer (level 10, -6/130 HPs)
             Began as a Naga Air Elementalist on Mar 11, 2017.
             Was a Follower of Dithmenos.
             Mangled by a wyvern (13 damage)
             ... on level 8 of the Dungeon.
             The game lasted 00:42:57 (10245 turns).

itsmu the Zephyrmancer (Naga Air Elementalist)     Turns: 10245, Time: 00:42:58

Health: -6/130     AC:  8    Str: 16    XL:     10   Next: 61%
Magic:  20/20      EV:  9    Int: 20    God:    Dithmenos [*.....]
Gold:   289        SH:  0    Dex: 12    Spells: 13/23 levels left

rFire    . . .     SeeInvis +   a - +2 dagger (venom)
rCold    + . .     Gourm    .   q - +0 leather armour {MR+}
rNeg     . . .     Faith    .   (no shield)
rPois    +         Spirit   .   p - +2 hat
rElec    .         Reflect  .   (no cloak)
rCorr    .         Harm     .   u - +0 pair of gloves (curse)
MR       ++...                  (no barding)
Stlth    ..........             f - amulet of magic regeneration
Regen    0.4/turn               l - ring of protection from cold
MPRegen  0.3/turn               J - +2 ring of intelligence

@: berserking, sluggish, wreathed by umbra, slow
A: see invisible, deformed body, poison resistance, slowness 2, slow metabolism
1, spit poison 1, AC +3
a: Spit Poison, Renounce Religion


You were on level 8 of the Dungeon.
You worshipped Dithmenos.
Dithmenos was aware of your devotion.
You were very hungry.

You visited 2 branches of the dungeon, and saw 10 of its levels.

You collected 398 gold pieces.
You spent 109 gold pieces at shops.

Inventory:

Hand Weapons
 a - a +2 dagger of venom (weapon)
   (You took it off an orc on level 5 of the Dungeon)
 b - a +1 dagger of speed
   (You took it off a kobold on level 2 of the Dungeon)
 g - a +2 whip of freezing
   (You took it off Pikel on level 3 of the Dungeon)
 w - a +0 blowgun
   (You bought it in a shop on level 5 of the Dungeon)
Missiles
 N - 9 curare-tipped needles
Armour
 e - a +0 leather armour
   (You found it on level 1 of the Dungeon)
 p - a +2 hat (worn)
   (You found it on level 6 of the Dungeon)
 q - a +0 leather armour of magic resistance (worn)
   (You found it on level 8 of the Dungeon)
 t - a +0 robe
 u - a cursed +0 pair of gloves (worn)
   (You found it on level 6 of the Dungeon)
 y - a +0 ring mail
   (You found it on level 3 of the Dungeon)
Jewellery
 f - an amulet of magic regeneration (around neck)
   (You found it on level 2 of the Dungeon)
 j - a +2 ring of strength
   (You found it on level 1 of the Dungeon)
 l - a ring of protection from cold (right hand)
   (You found it on level 1 of the Dungeon)
 E - an uncursed amulet of faith
   (You found it on level 4 of the Dungeon)
 J - a +2 ring of intelligence (left hand)
   (You found it on level 5 of the Dungeon)
Wands
 F - a wand of iceblast (11/15)
   (You found it on level 4 of the Dungeon)
 H - a wand of digging (6/24)
   (You found it on level 3 of the Dungeon)
 L - a wand of confusion (17/48)
   (You found it on level 7 of the Dungeon)
 M - a wand of lightning (8/15)
   (You found it on level 6 of the Dungeon)
Scrolls
 d - 4 scrolls of teleportation
 i - 2 scrolls of amnesia
 k - a scroll of enchant weapon
 s - 3 scrolls of remove curse
 C - 3 scrolls of fog
Potions
 r - a potion of berserk rage
 B - a potion of cancellation {unknown}
 D - a potion of brilliance {unknown}
 G - a potion of might {unknown}
 K - 5 potions of agility
 O - a potion of resistance {unknown}
 R - a potion of curing {unknown}
Books
 v - a book of Air

   Spells                             Type                      Level
   a - Shock                          Conjuration/Air              1
   b - Swiftness                      Charms/Air                   2
   c - Static Discharge               Conjuration/Air              3
   d - Airstrike                      Air                          4
   e - Lightning Bolt                 Conjuration/Air              5
 z - a book of Geomancy
   (You found it on level 4 of the Dungeon)

   Spells                             Type                      Level
   a - Sandblast                      Earth                        1
   b - Passwall                       Transmutation/Earth          2
   c - Stone Arrow                    Conjuration/Earth            3
   d - Petrify                        Transmutation/Earth          4
   e - Lee's Rapid Deconstruction     Earth                        5
Comestibles
 c - 7 bread rations
 n - 5 royal jellies
 o - 2 meat rations


   Skills:
 + Level 4.8 Fighting
 + Level 3.2 Short Blades
 + Level 4.2 Armour
 - Level 1.5 Dodging
 + Level 6.1 Stealth
 + Level 7.0 Spellcasting
 - Level 1.0 Conjurations
 * Level 10.7 Air Magic


You had 13 spell levels left.
You knew the following spells:

 Your Spells              Type           Power        Failure   Level  Hunger
a - Shock                 Conj/Air       ####         1%          1    None
b - Airstrike             Air            ######....   1%          4    ###....
c - Static Discharge      Conj/Air       ####....     3%          3    #......
z - Swiftness             Chrm/Air       ####....     1%          2    None


Dungeon Overview and Level Annotations

Branches:
Dungeon (9/15)             Temple (1/1) D:5
   Lair: D:8-11         Orc: D:9-12

Altars:
Ashenzari
Cheibriados
Dithmenos
Elyvilon
Gozag
Hepliaklqana
Kikubaaqudgha
Makhleb
Nemelex Xobeh
Okawaru
Qazlal
Ru
Sif Muna
Trog
Uskayaw
Vehumet
Wu Jian
Xom
Yredelemnul
Zin
The Shining One

Shops:
D:4 ?   D:5 (   D:6 *

Annotations:
D:2 Sigmund


Innate Abilities, Weirdness & Mutations

You cannot wear boots.
Your serpentine skin is tough. (AC +3)
You have supernaturally acute eyesight. (SInv)
Armour fits poorly on your strangely shaped body.
Your system is resistant to poisons. (rPois)
You cover ground very slowly.
You have a slow metabolism.
You can spit poison.


Message History

The wyvern bites you but does no damage.
You climb upwards.
There is a stone staircase leading down here.
Okay, then.
Okay, then.
Unknown command.
Okay, then.
A red film seems to cover your vision as you go berserk!
You feel yourself moving faster!
You feel mighty!
You start to feel a little faster.
The wyvern bites you.
* * * LOW HITPOINT WARNING * * *
The orc wizard hits you but does no damage.
The wyvern bites you but does no damage.
You puncture the orc wizard!
You kill the orc wizard!
Dithmenos accepts your kill.
Dithmenos appreciates your extinguishing a source of fire.
The wyvern bites you!
You die...

########################.#
..........#.#..# #######.#
#######.....#..# #.....#.# #
#.#.#.#..###.###.#.# #
#.#.#.#...##.# #.#.#
#######.#.#.##..##.# #.#.#
........#..........# #.#)#
..#####.....####)#.# #.#.###
...(.......(....M#.###.#[..#
#.#####.#..##((#l#.....###.#
...............((#<....# #.#
#.#.....#......#(####.####.#
.........###............##.###
#.....................#.##...#
..######.####....###..#.####.#
..# #.#............#.# #.# ..#
#.##.#.#..####.#.####[#


You could see a wyvern.

Vanquished Creatures
  A two-headed ogre (D:8)
  The ghost of Apogee the Cleaver, a novice MiFi of Cheibriados (D:8)
  Pikel (D:3)
  The ghost of Apogee the Cleaver, an amateur MiFi of Okawaru (D:6)
  Menkaure (D:5)
  Duvessa (D:7)
  A water moccasin (D:8)
  2 orc warriors (D:6)
  A sky beast (D:8)
  3 ogres
  2 phantoms (D:5)
  A necrophage (D:8)
  5 centaurs
  2 crocodiles (D:8)
  4 bullfrogs
  Dowan (D:7)
  4 wights (D:7)
  3 crimson imps
  A jelly (D:5)
  3 centaur skeletons
  A centaur zombie (D:8)
  7 hounds
  3 bullfrog skeletons
  2 orc priests
  Crazy Yiuf (D:5)
  8 orc wizards
  3 iguanas
  5 worker ants
  A hound skeleton (D:5)
  3 gnolls (D:8)
  A howler monkey skeleton (D:7)
  8 adders
  2 oozes
  8 leopard geckos
  22 orcs
  4 bats
  7 giant cockroaches
  7 goblins
  13 hobgoblins
  6 jackals
  15 kobolds
  6 quokkas
  4 frilled lizards
  2 leopard gecko skeletons
  6 rats
  A spectral orc (D:8)
185 creatures vanquished.

Vanquished Creatures (others)
  A slave (D:4)
  An ogre (D:4)
  An adder skeleton (D:4)
  A leopard gecko (D:4)
  An orc (D:4)
  22 toadstools
27 creatures vanquished.

Grand Total: 212 creatures vanquished

Notes
Turn   | Place    | Note
-------+----------+-------------------------------------------
     0 | D:1      | itsmu the Naga Air Elementalist began the quest for the Orb.
     0 | D:1      | Reached XP level 1. HP: 15/15 MP: 3/3
   345 | D:1      | Reached XP level 2. HP: 22/22 MP: 5/5
   349 | D:1      | Learned a level 2 spell: Swiftness
   734 | D:1      | . . .
   741 | D:1      | Reached XP level 3. HP: 21/28 MP: 0/6
  1125 | D:2      | how the hell do i get poisoned
  1312 | D:2      | Reached XP level 4. HP: 36/36 MP: 7/7
  1350 | D:2      | Noticed Sigmund
  1520 | D:2      | Reached skill level 4 in Air Magic
  1530 | D:2      | Learned a level 4 spell: Airstrike
  2336 | D:3      | Reached XP level 5. HP: 42/42 MP: 6/9
  3124 | D:3      | Learned a level 3 spell: Static Discharge
  3193 | D:4      | Noticed Pikel
  3193 | D:4      | Noticed a slave
  3194 | D:4      | Noticed a slave
  3196 | D:4      | Noticed a slave
  3197 | D:4      | Noticed a slave
  3199 | D:4      | Noticed an ogre
  3323 | D:3      | Killed Pikel
  3323 | D:3      | Reached skill level 6 in Air Magic
  3323 | D:3      | Reached XP level 6. HP: 49/49 MP: 1/12
  3323 | D:3      | Reached XP level 7. HP: 55/55 MP: 1/13
  3610 | D:4      | Found Yseclimn's Magic Scroll Boutique.
  3613 | D:4      | Bought a scroll of fear for 49 gold pieces
  3721 | D:4      | Bought a scroll of fog for 28 gold pieces
  3790 | D:4      | Reached skill level 7 in Air Magic
  3808 | D:4      | Found a shattered altar of Ashenzari.
  4114 | D:5      | Entered Level 5 of the Dungeon
  4173 | D:5      | Found a staircase to the Ecumenical Temple.
  4279 | Temple   | Entered the Ecumenical Temple
  4524 | D:5      | Reached XP level 8. HP: 46/62 MP: 1/15
  4610 | D:5      | Reached skill level 5 in Spellcasting
  4748 | D:5      | Found Peghejest's Weapon Boutique.
  4751 | D:5      | Bought a +0 blowgun for 32 gold pieces
  4847 | D:5      | Noticed Menkaure
  4850 | D:5      | Killed Menkaure
  4850 | D:5      | Reached skill level 1 in Armour
  4850 | D:5      | Reached skill level 8 in Air Magic
  4979 | D:5      | Found a shadowy altar of Dithmenos.
  5116 | D:5      | Reached skill level 1 in Fighting
  5429 | D:5      | Found a runed door.
  5433 | D:5      | Noticed Crazy Yiuf
  5435 | D:5      | Killed Crazy Yiuf
  5647 | D:6      | Noticed Apogee's ghost (amateur MiFi)
  5658 | D:6      | Killed Apogee's ghost
  6377 | D:6      | Found Roczoiso's General Store.
  6403 | D:6      | Reached XP level 9. HP: 68/74 MP: 12/17
  6592 | D:6      | Reached skill level 9 in Air Magic
  7330 | D:5      | Became a worshipper of Dithmenos the Shadowed
  7390 | D:7      | Noticed Duvessa
  7390 | D:7      | Noticed Dowan
  7590 | D:7      | Killed Duvessa
  7595 | D:7      | Killed Dowan
  7906 | D:7      | uh oh
  8383 | D:7      | Reached skill level 10 in Air Magic
  8390 | D:7      | Reached skill level 1 in Short Blades
  8525 | D:7      | Found a burning altar of Makhleb.
  8528 | D:7      | Found a radiant altar of Vehumet.
  8744 | D:8      | Reached * piety under Dithmenos
  8762 | D:8      | Noticed Apogee's ghost (novice MiFi)
  8844 | D:8      | Reached XP level 10. HP: 86/86 MP: 3/19
  9062 | D:8      | Noticed a two-headed ogre
  9250 | D:8      | Killed a two-headed ogre
  9250 | D:8      | Reached skill level 5 in Stealth
  9323 | D:8      | Killed Apogee's ghost
 10113 | D:8      | Found a basalt altar of Yredelemnul.
 10152 | D:9      | Noticed a two-headed ogre
 10245 | D:8      | Mangled by a wyvern

Vault maps used:
D:1:      ldierk_walled_garden, minmay_domino_2
D:2:      uniq_sigmund
D:4:      cheibrodos_ashenzari_chains, serial_shops, kennysheep_mini_moat,
          first_bread, uniq_pikel
D:5:      lemuel_crystal_altar, minmay_temple_entry_mist, serial_shops, shop,
          uniq_menkaure, uniq_crazy_yiuf_cottage
D:6:      corexii_shack_village, serial_shops, nicolae_shop_behind_doors
D:7:      grunt_temple_overflow_lords_of_destruction, uniq_duvessa
D:8:      yredelemnul_forgotten_temple_becter
D:9:      tgw_fedhas
Temple:   nicolae_temple_elliptical

Skill      XL: |  1  2  3  4  5  6  7  8  9 10 |
---------------+-------------------------------+-----
Air Magic      | 4 6 7 8 10 | 10.7
Spellcasting   | 4 5 6 7 |  7.0
Armour         | 2 3 4 |  4.2
Fighting       | 2 4 |  4.8
Stealth        | 4 6 |  6.1
Short Blades   | 1 3 |  3.2
Dodging        | |  1.5
Conjurations   | |  1.0

Action                   |  1- 3 |  4- 6 |  7- 9 | 10-12 || total
-------------------------+-------+-------+-------+-------++-------
Melee: Unarmed           |    23 |    16 |       |       ||    39
       Dagger            |       |    30 |   115 |    45 ||   190
 Fire: Blowgun           |       |       |    22 |     8 ||    30
 Cast: Shock             |    18 |    38 |    12 |     5 ||    73
       Static Discharge  |       |     1 |       |       ||     1
       Airstrike         |       |       |   105 |    39 ||   144
       Swiftness         |       |       |     3 |     2 ||     5
 Abil: Spit Poison       |    24 |    43 |    25 |     3 ||    95
Evoke: Wand              |       |       |     2 |       ||     2
  Use: Scroll            |     3 |     6 |     5 |     8 ||    22
       Potion            |     1 |     3 |     3 |     2 ||     9
 Stab: Sleeping          |       |     1 |     5 |       ||     6
  Eat: Chunk             |     2 |     7 |    25 |     6 ||    40
       Fruit             |       |       |     2 |     1 ||     3
       Bread ration      |       |       |     1 |       ||     1
Armor: Robe              |    16 |    26 |    46 |     2 ||    90
       Skin              |       |     6 |       |       ||     6
       Leather armour    |       |       |       |     8 ||     8
Dodge: Dodged            |    36 |    40 |    90 |    35 ||   201
